 Dungeon Crawl Stone Soup version 0.22-a0-49-g614aadd (webtiles) character file.

5375 KristoblXynda the Covert (level 10, -4/120 HPs)
             Began as a Naga Gladiator on Jan 8, 2018.
             Was a High Priest of Okawaru.
             Slain by a wight
             ... wielding a +3 long sword
              (11 damage)
             ... on level 9 of the Dungeon.
             The game lasted 00:19:45 (9816 turns).

KristoblXynda the Covert (Naga Gladiator)           Turns: 9816, Time: 00:19:46

Health: -4/120     AC:  7    Str: 32    XL:     10   Next: 66%
Magic:  15/15      EV:  9    Int: 13    God:    Okawaru [*****.]
Gold:   207        SH:  3    Dex: 10    Spells: 9/9 levels left

rFire    . . .     SeeInvis +   r - +6 falchion "Veett" {flame, Str+5 Dex-4}
rCold    . . .     Gourm    .   b - +0 buckler
rNeg     . . .     Faith    .   e - +0 ring mail
rPois    +         Spirit   .   A - +1 hat {Int+3}
rElec    .         Reflect  .   (no cloak)
rCorr    +         Harm     .   (no gloves)
MR       +....                  (no barding)
Stlth    ..........             (no amulet)
HPRegen  0.30/turn              o - ring of resist corrosion
MPRegen  0.14/turn              B - +5 ring of strength

@: berserking, heavily drained, quick
A: large, see invisible, deformed body, poison resistance, slowness 2, slow
metabolism 1, spit poison 1, AC +3
a: Spit Poison, Heroism, Finesse, Renounce Religion


You were on level 9 of the Dungeon.
You worshipped Okawaru.
Okawaru was extremely pleased with you.
You were not hungry.

You visited 2 branches of the dungeon, and saw 10 of its levels.

You collected 482 gold pieces.
You spent 275 gold pieces at shops.

Inventory:

Hand Weapons
 a - a +0 long sword
 r - the +6 falchion "Veett" (weapon) {flame, Str+5 Dex-4}
   (You bought it in a shop on level 6 of the Dungeon)

   It has been specially enchanted to burn those struck by it, causing extra
   injury to most foes and up to half again as much damage against particularly
   susceptible opponents.
   Big, fiery blades are also staple armaments of hydra-hunters.
   It affects your strength (+5).
   It affects your dexterity (-4).
Missiles
 d - 3 throwing nets (quivered)
Armour
 b - a +0 buckler (worn)
 e - a +0 ring mail (worn)
 A - a +1 hat of intelligence (worn)
Jewellery
 o - a ring of resist corrosion (left hand)
 B - a +5 ring of strength (right hand)
Wands
 h - a wand of iceblast (3)
 z - a wand of clouds (4)
Scrolls
 q - 4 scrolls of remove curse
 s - a scroll of immolation
 t - 4 scrolls of magic mapping
 y - a scroll of fog
Potions
 c - a potion of heal wounds
 g - a potion of resistance
 i - 3 potions of might
 j - 2 potions of cancellation
 m - 2 potions of lignification
 n - a potion of curing
 u - a potion of agility
 v - a potion of invisibility
 x - 2 potions of brilliance
Books
 l - a book of Misfortune

   Spells                             Type                      Level
   a - Confusing Touch                Hexes                        1
   b - Confuse                        Hexes                        3
   c - Gell's Gravitas                Translocation                3
   d - Petrify                        Transmutation/Earth          4
   e - Metabolic Englaciation         Hexes/Ice                    5
   f - Yara's Violent Unravelling     Hexes/Transmutation          5
 p - a book of Flames

   Spells                             Type                      Level
   a - Flame Tongue                   Conjuration/Fire             1
   b - Throw Flame                    Conjuration/Fire             2
   c - Conjure Flame                  Conjuration/Fire             3
   d - Inner Flame                    Hexes/Fire                   3
   e - Sticky Flame                   Conjuration/Fire             4
   f - Fireball                       Conjuration/Fire             5
 w - a book of Minor Magic

   Spells                             Type                      Level
   a - Magic Dart                     Conjuration                  1
   b - Blink                          Translocation                2
   c - Call Imp                       Summoning                    2
   d - Slow                           Hexes                        2
   e - Conjure Flame                  Conjuration/Fire             3
   f - Mephitic Cloud                 Conjuration/Poison/Air       3
Comestibles
 f - 18 rations


   Skills:
 - Level 2.0(0.0) Fighting
 + Level 8.6(6.1) Long Blades
 - Level 2.0(0.0) Throwing
 - Level 3.1(0.9) Armour
 + Level 4.3(2.1) Dodging
 - Level 10.0(7.4) Stealth
 - Level 3.1(0.9) Shields
 + Level 6.9(4.5) Invocations
 + Level 6.3(3.9) Evocations


You had 9 spell levels left.
You didn't know any spells.

Dungeon Overview and Level Annotations

Branches:
Dungeon (9/15)             Temple (1/1) D:4            Lair (0/6) D:8
    Orc: D:9-12

Altars:
Ashenzari
Cheibriados
Dithmenos
Elyvilon
Fedhas
Gozag
Hepliaklqana
Kikubaaqudgha
Makhleb
Nemelex Xobeh
Okawaru
Qazlal
Sif Muna
Trog
Vehumet
Wu Jian
Xom
Yredelemnul
Zin
The Shining One

Shops:
D:4 =   D:6 [((([


Innate Abilities, Weirdness & Mutations

You cannot wear boots.
Your serpentine skin is tough. (AC +3)
You have supernaturally acute eyesight. (SInv)
Armour fits poorly on your strangely shaped body.
Your system is resistant to poisons. (rPois)
You cover ground very slowly.
You have a slow metabolism.
You can spit poison.


Message History

You destroy the wight!
Okawaru accepts your kill.
The wight hits you from afar with an enchanted halberd.
* * * LOW HITPOINT WARNING * * *
You feel drained.
* * * LOW HITPOINT WARNING * * *
Things that are here:
an enchanted great sword; a robe; a wand of flame (32)
You hit the wight but do no damage. You block the wight's attack.
You hit the wight. You burn the wight.
The wight is heavily damaged.
You slice the wight!! You burn the wight.
You destroy the wight!
Okawaru accepts your kill. You block the wight's attack.
Things that are here:
an enchanted halberd; a robe You barely miss the wight.
The wight hits you with an enchanted long sword!
You die...

..........#######
.......#........#
.......#........#
.......#..#####.#
#..#.#....# #.#
#...###..# #.#
##.###..# #.#
.......z# #<#
###@# #.#
#)#####.#
#)).....#
#....)..#
#.####### #.# #.#
#.# #.#


You could see a wight.

Vanquished Creatures
  Gastronok (D:8)
  A two-headed ogre (D:8)
  A wyvern (D:8)
  A yak (D:7)
  A human (D:7)
  3 hogs (D:7)
  A warg (D:8)
  A water moccasin (D:7)
  A phantom (D:4)
  3 ogres
  A big kobold (D:5)
  2 bullfrogs (D:6)
  A scorpion (D:7)
  7 wights
  A howler monkey (D:4)
  2 crimson imps
  A centaur zombie (D:6)
  A jelly (D:7)
  A hound (D:4)
  8 orc wizards
  8 orc priests
  A bullfrog skeleton (D:6)
  2 iguanas
  4 worker ants
  2 killer bee zombies (D:6)
  A hound zombie (D:6)
  A hound skeleton (D:7)
  12 adders
  7 gnolls
  2 oozes (D:2)
  An adder zombie (D:6)
  3 adder skeletons
  4 worms
  2 dart slugs (D:2)
  2 leopard geckos
  32 orcs
  3 ball pythons
  9 bats
  2 giant cockroaches
  5 hobgoblins
  13 kobolds
  4 quokkas
  6 frilled lizards
  8 goblins
  A quokka skeleton (D:6)
  A quokka zombie (D:5)
  7 rats
182 creatures vanquished.

Notes
Turn   | Place    | Note
-------+----------+-------------------------------------------
     0 | D:1      | KristoblXynda the Naga Gladiator began the quest for the Orb.
     0 | D:1      | Reached XP level 1. HP: 19/19 MP: 1/1
   179 | D:1      | Reached XP level 2. HP: 24/26 MP: 2/2
   245 | D:1      | Reached skill level 1 in Stealth
   585 | D:1      | Reached XP level 3. HP: 28/32 MP: 3/3
   758 | D:2      | Reached skill level 2 in Stealth
  1211 | D:2      | Reached XP level 4. HP: 34/39 MP: 4/4
  1303 | D:2      | Reached skill level 3 in Stealth
  1697 | D:3      | Found an iron altar of Okawaru.
  1705 | D:3      | Became a worshipper of Warmaster Okawaru
  1841 | D:3      | Reached skill level 1 in Armour
  1841 | D:3      | Reached XP level 5. HP: 45/45 MP: 5/5
  2135 | D:3      | Reached skill level 4 in Stealth
  2625 | D:4      | Reached XP level 6. HP: 24/52 MP: 6/6
  2639 | D:4      | Reached skill level 5 in Stealth
  3109 | D:4      | Found Arakeh's Jewellery Boutique.
  3242 | D:4      | Reached * piety under Okawaru
  3862 | D:4      | Noticed a phantom
  3963 | D:4      | HP: 1/52 [orc/flail (3)]
  3969 | D:4      | Reached skill level 5 in Long Blades
  3969 | D:4      | Reached skill level 6 in Stealth
  3969 | D:4      | Reached XP level 7. HP: 12/60 MP: 7/7
  3994 | D:4      | Found a staircase to the Ecumenical Temple.
  4171 | Temple   | Entered the Ecumenical Temple
  4625 | D:5      | Entered Level 5 of the Dungeon
  4657 | D:5      | HP: 2/60 [ogre/giant club (22)]
  4859 | D:5      | Found an iron altar of Okawaru.
  5037 | D:5      | Reached skill level 7 in Stealth
  5037 | D:5      | Reached skill level 1 in Invocations
  5056 | D:5      | Reached skill level 1 in Evocations
  5059 | D:5      | Reached ** piety under Okawaru
  5298 | D:6      | Reached XP level 8. HP: 67/67 MP: 7/9
  5458 | D:6      | Found Bepicrum's Antique Weapon Emporium.
  5466 | D:6      | Bought a steaming falchion for 208 gold pieces
  5469 | D:6      | Identified the +6 falchion "Veett" {flame, Str+5 Dex-4} (You bought it in a shop on level 6 of the Dungeon)
  5571 | D:5      | Found a white marble altar of Elyvilon.
  5571 | D:5      | Found a snail-covered altar of Cheibriados.
  5641 | D:5      | Reached skill level 8 in Stealth
  5879 | D:5      | Found a glowing golden altar of the Shining One.
  6306 | D:6      | HP: 3/67 [wight/enchanted short sword (1)]
  6909 | D:6      | Found Perphut's Armour Shop.
  6914 | D:6      | Bought a +0 buckler for 67 gold pieces
  6966 | D:6      | Found Carcholiw's Antique Weapon Shop.
  7024 | D:6      | Found Utwuc's Weapon Shop.
  7187 | D:6      | Found Luam's Antique Armour Shop.
  7242 | D:7      | Reached *** piety under Okawaru
  7242 | D:7      | Reached skill level 9 in Stealth
  7242 | D:7      | Reached XP level 9. HP: 65/73 MP: 11/11
  7328 | D:7      | Found a glowing silver altar of Zin.
  7344 | D:7      | Reached skill level 1 in Shields
  8468 | D:7      | Reached skill level 10 in Stealth
  8628 | D:8      | Noticed a two-headed ogre
  8633 | D:8      | HP: 3/73 [two-headed ogre/giant spiked club (11)]
  8635 | D:8      | Killed a two-headed ogre
  8635 | D:8      | Reached **** piety under Okawaru
  8635 | D:8      | Reached skill level 5 in Invocations
  8635 | D:8      | Reached skill level 5 in Evocations
  8635 | D:8      | Reached XP level 10. HP: 4/80 MP: 12/14
  8645 | D:8      | Noticed a two-headed ogre
  9464 | D:8      | Noticed Gastronok
  9480 | D:8      | Killed Gastronok
  9480 | D:8      | Reached ***** piety under Okawaru
  9710 | D:8      | Found a staircase to the Lair.
  9810 | D:9      | HP: 6/120 [wight/enchanted halberd (2)]
  9816 | D:9      | Slain by a wight

Vault maps used:
D:1:      dpeg_arrival_boxorama, minmay_misc_feat_diagonals, minmay_pentomino_w4
D:2:      roderic_roman_lattice
D:3:      okawaru_ov_weapons_minmay
D:4:      minmay_temple_entry_nine_rooms, serial_shops, shop_statue,
          saegor_snake_ambush
D:5:      nicolae_overflow_quartered_altars, first_ration
D:6:      serial_shops, nicolae_shop_behind_doors, nicolae_shop_behind_doors,
          shop_fountains, shop, shop, hex_tiny
D:7:      basic_altar, grunt_livestock, grunt_ministairs_15
D:8:      nicolae_overflow_crystal_walls, erik_lair_orcish_takeover,
          lemuel_centaur_altar, uniq_gastronok
D:9:      nicolae_ru_great_annihilating_truth, erik_orc_4, special_room
Temple:   eino_temple_scatter_basement

Skill      XL: |  1  2  3  4  5  6  7  8  9 10 |
---------------+-------------------------------+-----
Throwing       | 2 |  2.0
Stealth        | 1 2 3 4 6 7 9 10 | 10.0
Dodging        | 3 4 |  4.3
Armour         | 1 2 3 |  3.1
Long Blades    | 4 5 6 7 8 |  8.6
Invocations    | 1 3 5 6 |  6.9
Evocations     | 1 3 5 6 |  6.3
Shields        | 3 |  3.1
Fighting       | |  2.0

Action                   |  1- 3 |  4- 6 |  7- 9 | 10-12 || total
-------------------------+-------+-------+-------+-------++-------
Melee: Long sword        |    73 |   243 |    95 |       ||   411
       Falchion          |       |       |   170 |    44 ||   214
Throw: Throwing net      |       |       |     3 |       ||     3
 Abil: Spit Poison       |     7 |    23 |    23 |     2 ||    55
Evoke: Wand              |       |       |     6 |     3 ||     9
  Use: Scroll            |     2 |     2 |    10 |     3 ||    17
       Potion            |       |     4 |     4 |     1 ||     9
 Stab: Sleeping          |     1 |     1 |     9 |       ||    11
       Invisible         |       |       |     2 |       ||     2
  Eat: Ration            |     1 |       |     3 |     1 ||     5
       Chunk             |       |     5 |     4 |     2 ||    11
Armor: Leather armour    |     4 |       |       |       ||     4
       Ring mail         |    40 |    91 |    97 |    11 ||   239
Dodge: Dodged            |    50 |   120 |   116 |    19 ||   305
Block: Buckler           |       |       |    13 |     6 ||    19
       Rpst.: Long sword |    10 |    37 |    13 |       ||    60
       Falchion          |       |       |    26 |     9 ||    35

Table legend:
 A = Spawn XP
 B = Non-spawn XP
 C = Spawn XP percentage of total XP
 D = Spawn monster count
 E = Non-spawn monster count
 F = Spawn count percentage of total count
 G = Total turns spent on level
                    A         B        C        D         E        F      G
               +---------+---------+-------+---------+---------+-------+---------
         Total |       0 |    7679 |   0.0 |       0 |     182 |   0.0 |  9816
               +---------+---------+-------+---------+---------+-------+---------
           D:1 |       0 |      48 |   0.0 |       0 |      24 |   0.0 |  1029
           D:2 |       0 |      83 |   0.0 |       0 |      14 |   0.0 |   598
           D:3 |       0 |      93 |   0.0 |       0 |      26 |   0.0 |   810
           D:4 |       0 |     549 |   0.0 |       0 |      23 |   0.0 |  2037
           D:5 |       0 |     763 |   0.0 |       0 |      34 |   0.0 |   992
           D:6 |       0 |     695 |   0.0 |       0 |      24 |   0.0 |  1619
           D:7 |       0 |    1432 |   0.0 |       0 |      22 |   0.0 |  1844
           D:8 |       0 |    3788 |   0.0 |       0 |      11 |   0.0 |   637
           D:9 |       0 |     228 |   0.0 |       0 |       4 |   0.0 |    99
               +---------+---------+-------+---------+---------+-------+---------
